 Dungeon Crawl Stone Soup version 0.30-a0-591-g3c58d2bc28 (webtiles) character file.

Game seed: 13290758314229602872

75 funkygono the Firebug (level 4, 0/31 HPs)
             Began as a Demonspawn Fire Elementalist on Jan 5, 2023.
             Slain by a gnoll
             ... wielding a +0 spear
              (7 damage)
             ... on level 2 of the Dungeon.
             The game lasted 00:02:28 (1898 turns).

funkygono the Firebug (DsFE)                        Turns: 1898, Time: 00:02:28

Health: 0/31       AC:  2    Str:  8    XL:     4   Next: 11%
Magic:  6/8        EV: 12    Int: 18    God:
Gold:   93         SH:  0    Dex: 14    Spells: 2/8 levels left

rFire   . . .      SeeInvis .    n - +2 short sword (speed)
rCold   . . .      Faith    .    (no shield)
rNeg    . . .      Spirit   .    a - +0 robe
rPois   .          Reflect  .    (no helmet)
rElec   .          Harm     .    (no cloak)
rCorr   .          Rampage  .    (no gloves)
Will    .....                    (no boots)
Stlth   ++                       (no amulet)
HPRegen 0.25/turn                (no ring)
MPRegen 0.22/turn                (no ring)

@: no status effects
A: claws 1, magic regeneration
a: no special abilities


You were on level 2 of the Dungeon.
You visited 1 branch of the dungeon, and saw 2 of its levels.

You collected 93 gold pieces.

Inventory:

Hand Weapons
 f - a +0 whip
 l - a +3 short sword
 n - a +2 short sword of speed (weapon)
Armour
 a - a +0 robe (worn)
Scrolls
 c - 2 scrolls of identify {unknown}
 g - a scroll of vulnerability {unknown}
 h - a scroll of noise {unknown}
 j - 2 scrolls of torment {unknown}
 m - a scroll of blinking {unknown}
Potions
 b - a potion of magic
 d - 2 potions of degeneration {unknown}
 e - a potion of attraction {unknown}
 i - 2 potions of invisibility {unknown}
 k - a potion of flight {unknown}


   Skills:
 + Level 0.5 Fighting
 + Level 0.1 Short Blades
 + Level 2.0 Dodging
 - Level 1.7 Stealth
 + Level 2.8 Spellcasting
 + Level 1.6 Conjurations
 + Level 3.5 Fire Magic


You had 2 spell levels left.
You knew the following spells:

 Your Spells              Type           Power      Damage    Failure   Level
a - Foxfire               Conj/Fire      44%        2x1d6     6%          1
b - Scorch                Fire           30%        2d6       6%          2
c - Kindle Blastsparks    Fire/Tloc/Air  12%        2d11      30%         3

Your spell library contained the following spells:

 Spells                   Type           Power      Damage    Failure   Level
 Inner Flame              Hex/Fire       8%         N/A       24%         3
 Flame Wave               Conj/Fire      11%        2d6       50%         4


Dungeon Overview and Level Annotations

Branches:
Dungeon (2/15)

Altars:


Innate Abilities, Weirdness & Mutations

You have sharp fingernails.
You regenerate magic rapidly.


Message History

You conjure some foxfire!
The foxfire hits the gnoll but does no damage.
The foxfire hits the gnoll.
The gnoll is lightly wounded.
The gnoll hits you from afar with a +0 spear.
The foxfire hits the gnoll.
The gnoll is heavily wounded.
The foxfire hits the gnoll.
The gnoll is almost dead.
Casting: Foxfire (safe; 6% risk of failure)
Confirm with . or Enter, or press ? or * to list all spells.
You conjure some foxfire!
The gnoll hits you from afar with a +0 spear!
Casting: Foxfire (safe; 6% risk of failure)
Confirm with . or Enter, or press ? or * to list all spells.
You conjure some foxfire!
The foxfire hits the gnoll.
The gnoll is almost dead.
The gnoll closely misses you.
The foxfire hits the gnoll but does no damage.
The gnoll is almost dead.
The gnoll closely misses you.
The foxfire hits the gnoll.
The gnoll is moderately wounded.
The foxfire hits the gnoll.
The gnoll is heavily wounded.
Casting: Foxfire (safe; 6% risk of failure)
Confirm with . or Enter, or press ? or * to list all spells.
You conjure some foxfire!
The gnoll hits you from afar with a +0 spear.
The gnoll hits you from afar with a +0 halberd!
* * * LOW HITPOINT WARNING * * *
The foxfire hits the gnoll but does no damage.
The gnoll is almost dead.
The foxfire hits the gnoll but does no damage.
The gnoll is heavily wounded.
The gnoll hits you from afar with a +0 spear.
* * * LOW HITPOINT WARNING * * *
There is a stone staircase leading up, spattered with blood here.
The gnoll hits you from afar with a +0 spear!
You die...

..<...####..# #..##..........##..
####.....#.## ##..#.#....#...##†.
#####.##...### ##.......##..##...
.......##....## ###......#..##..)
####).........# ##..#............
##...........###..##...##..##...
#.....)......##..#...#.##..§#..#
#.....÷.........#...)..........#
#............g.@.....#..##.#...#
#............g.....)....##.###..
##............g..................
..............g.....##......###..
##..........g............#### #..
##.......................# #.#
#........................# #.#
...........#######.......# #..
..#.......## #...## .# ###


You could see 4 gnolls and a hobgoblin.

Vanquished Creatures
  3 adders (D:2)
  3 worms (D:2)
  2 dart slugs
  4 giant cockroaches
  2 goblins
  4 jackals (D:1)
  2 quokkas (D:1)
  3 ball pythons (D:1)
  4 bats
  3 frilled lizards
  4 kobolds
  4 rats
38 creatures vanquished.

Vanquished Creatures (others)
  142 foxfires
142 creatures vanquished.

Grand Total: 180 creatures vanquished

Notes
Turn   | Place    | Note
-------+----------+-------------------------------------------
     0 | D:1      | funkygono the Demonspawn Fire Elementalist began the quest
                  | for the Orb.
     0 | D:1      | Reached XP level 1. HP: 13/13 MP: 3/3
   221 | D:1      | Reached skill level 3 in Fire Magic
   320 | D:1      | Gained mutation: You have sharp fingernails. [demonic
                  | ancestry]
   320 | D:1      | Reached XP level 2. HP: 19/19 MP: 1/5
   323 | D:1      | Learned a level 2 spell: Scorch
  1217 | D:2      | Reached XP level 3. HP: 24/24 MP: 1/6
  1221 | D:2      | Learned a level 3 spell: Kindle Blastsparks
  1549 | D:2      | Gained mutation: You regenerate magic rapidly. [demonic
                  | ancestry]
  1549 | D:2      | Reached XP level 4. HP: 31/31 MP: 0/8
  1739 | D:2      | Found a faded altar of an unknown god.
  1898 | D:2      | Slain by a gnoll

Illustrated notes

Levels and vault maps discovered:
D:1:      minmay_arrival_stair_chambers, layout_loops_ring
D:2:      layout_rooms, shapermc_ecumenical_altar_ellora

Skill      XL: |  1  2  3 |
---------------+----------+-----
Fire Magic     | 3 |  3.5
Dodging        | 2 |  2.0
Fighting       | |  0.5
Short Blades   | |  0.1
Stealth        | |  1.7
Spellcasting   | |  2.8
Conjurations   | |  1.6

Action                   |  1- 3 |  4- 6 || total
-------------------------+-------+-------++-------
Melee: Dagger            |     5 |       ||     5
 Cast: Foxfire           |    69 |    15 ||    84
       Scorch            |       |     1 ||     1
Armor: Robe              |    13 |     1 ||    14
Dodge: Dodged            |    28 |     4 ||    32

Table legend: (Time is in decaauts)
 A = Elapsed time spent in this place.
 B = Non-inter-level travel time spent in this place.
 C = Inter-level travel time spent in this place.
 D = Time resting spent in this place.
 E = Time spent auto-exploring this place.
 F = Levels seen in this place.
 G = Mean time per level.
                   A        B        C        D        E       F      G
               +--------+--------+--------+--------+--------+-----+--------+
         Total |   1897 |   1845 |     52 |      0 |   1542 |   2 |  948.5 |
       Dungeon |   1897 |   1845 |     52 |      0 |   1542 |   2 |  948.5 |
               +--------+--------+--------+--------+--------+-----+--------+

Top non-repeatable levels by time:
     D:1: 1171 daAuts
     D:2: 726 daAuts
